 Dungeon Crawl Stone Soup version 0.20.1-1-g8b1a95d (webtiles) character file.

458193 Sanvar the Hawkeye (level 25, -26/194 HPs)
             Began as a Human Hunter on Aug 27, 2017.
             Was an Elder of Zin.
             Killed from afar by an ancient lich (62 damage)
             ... with a bolt of negative energy
             ... on level 5 of the Vaults on Sept 2, 2017.
             The game lasted 09:08:47 (94271 turns).

Sanvar the Hawkeye (Human Hunter)                  Turns: 94271, Time: 09:08:48

Health: -26/194    AC: 22    Str: 21    XL:     25   Next: 64%
Magic:  31/31      EV: 19    Int: 17    God:    Zin [****..]
Gold:   722        SH: 15    Dex: 34    Spells: 24/24 levels left

rFire    + . .     SeeInvis +   S - +7 scimitar (flame)
rCold    + + .     Gourm    .   d - +3 warlock's mirror {reflect}
rNeg     . . .     Faith    .   J - +6 scale mail {MR+}
rPois    ∞         Spirit   .   U - +0 hat "Pujoq" {rF+ rC+}
rElec    +         Reflect  +   C - +0 cloak
rCorr    .         Harm     .   v - +2 pair of gloves {archery}
MR       ++...                  e - +2 pair of boots {Fly}
Stlth    ++........             b - amulet of Yesterday {Reflect rElec rC+ SH+2}
Regen    0.5/turn               i - ring of Cafasch {rPois Str+4 Slay+2 Stlth+}
MPRegen  0.3/turn               Y - +6 ring of dexterity

@: vitalised, flying, heavily drained
A: yellow scales 1, see invisible, deformed body, deterioration 1
}: 2/15 runes: decaying, serpentine
a: Recite, Vitalisation, Imprison, Donate Gold, Renounce Religion, Stop Flying


You were on level 5 of the Vaults.
You worshipped Zin.
Zin was greatly pleased with you.
You were very hungry.

You visited 8 branches of the dungeon, and saw 39 of its levels.
You also visited: Labyrinth.

You collected 4741 gold pieces.
You spent 3127 gold pieces at shops.
You donated 892 gold pieces to Zin.

Inventory:

Hand Weapons
 j - a +6 double sword of holy wrath
 M - a +4 long sword of freezing
 P - a +6 blowgun
 S - a +7 scimitar of flaming (weapon)
Missiles
 p - 130 poisoned needles
 F - 2 tomahawks of returning (quivered)
 G - 8 tomahawks
 X - 15 curare-tipped needles
Armour
 d - the +3 warlock's mirror (worn) {reflect}
   (You acquired it on level 6 of the Dungeon)
 e - a +2 pair of boots of flying (worn)
 v - a +2 pair of gloves of archery (worn)
 C - a +0 cloak (worn)
 J - a +6 scale mail of magic resistance (worn)
 U - the +0 hat "Pujoq" (worn) {rF+ rC+}
   (You found it on level 10 of the Dungeon)

   It protects you from fire.
   It protects you from cold.
 V - the +1 shield "Rafifot" {rF+ Slay+5 SInv}
   (You took it off a deep elf knight on level 5 of the Vaults)

   It affects your accuracy and damage with ranged weapons and melee attacks
   (+5).
   It protects you from fire.
   It lets you see invisible.
Jewellery
 b - the amulet of Yesterday (around neck) {Reflect rElec rC+ SH+2}
   (You found it on level 6 of the Lair of Beasts)

   [amulet of reflection]

   It shields you and reflects attacks.
   It protects you from cold.
   It insulates you from electricity.
   It affects your SH (+2).
 i - the ring of Cafasch (left hand) {rPois Str+4 Slay+2 Stlth+}
   (You acquired it on level 6 of the Dungeon)

   [ring of slaying]

   It affects your strength (+4).
   It affects your accuracy and damage with ranged weapons and melee attacks
   (+2).
   It protects you from poison.
   It makes you more stealthy.
 H - an uncursed ring of positive energy
 O - an uncursed ring of protection from cold
 Q - an uncursed ring of resist corrosion
 Y - a +6 ring of dexterity (right hand)
Wands
 a - a wand of digging (13/24)
 c - a wand of digging (2/24)
 g - a wand of disintegration (7/24)
Scrolls
 h - 4 scrolls of recharging
 k - a scroll of fear
 l - a scroll of teleportation
 m - a scroll of enchant armour
 o - 9 scrolls of identify
 q - 3 scrolls of blinking
 x - 10 scrolls of amnesia
 y - a scroll of fog
 z - 14 scrolls of remove curse
 D - 2 scrolls of summoning
 I - a scroll of enchant weapon
 N - a scroll of immolation
 R - 4 scrolls of magic mapping
Potions
 r - 3 potions of ambrosia
 s - 4 potions of brilliance
 t - 7 potions of curing
 u - a potion of haste
 w - 2 potions of cancellation
 A - 2 potions of might
 B - a potion of agility
 E - a potion of resistance
 K - 4 potions of magic
 L - 3 potions of berserk rage
Comestibles
 f - 28 bread rations
 n - 4 meat rations
 T - a royal jelly
 W - 2 fruits


   Skills:
 + Level 15.0(11.4) Fighting
 - Level 14.0(10.5) Long Blades
 * Level 26.2(21.7) Throwing
 + Level 15.3(11.7) Armour
 - Level 11.9(8.5) Dodging
 - Level 1.0(0.0) Stealth
 + Level 15.4(11.8) Shields
 - Level 11.0(7.7) Invocations


You had 24 spell levels left.
You didn't know any spells.

Dungeon Overview and Level Annotations

Branches:
Dungeon (15/15)            Temple (1/1) D:5            Lair (6/6) D:11
  Swamp (4/4) Lair:2        Snake (4/4) Lair:2        Slime (0/5) Lair:5
    Orc (2/2) D:9             Elf (2/3) Orc:2        Vaults (5/5) D:13
  Crypt (0/3) Vaults:2     Depths (0/5) D:15

Altars:
Ashenzari
Cheibriados
Elyvilon
Fedhas
Gozag
Hepliaklqana
Kikubaaqudgha
Makhleb
Nemelex Xobeh
Okawaru
Qazlal
Ru
Sif Muna
Trog
Uskayaw
Vehumet
Xom
Yredelemnul
Zin
The Shining One
Beogh

Shops:
D:9 *   D:11 ?   D:14 !   Orc:2 (!:[   Elf:2 *   Snake:1 =   Snake:2 (
Vaults:1 [   Vaults:2 ?   Vaults:4 ?

Annotations:
D:7 Tobsen's ghost, novice HOFi
D:8 Gastronok
Elf:1 exclusion: Roxanne, Roxanne
Vaults:2 Mennas


Innate Abilities, Weirdness & Mutations

You are partially covered in yellow scales. (AC +2)
You have supernaturally acute eyesight. (SInv)
Armour fits poorly on your strangely shaped body.
Your body sometimes deteriorates upon taking damage.


Message History

You hit the shadow dragon but do no damage.
The shadow dragon is heavily wounded.
The ogre mage casts a spell.
The ogre mage seems to speed up.
The shadow dragon breathes negative energy at you.
The bolt of negative energy hits you!
You feel drained.
* * * LOW HITPOINT WARNING * * *
As you read the scroll of teleportation, it crumbles to dust.
You feel strangely unstable.
The deep elf mage casts a spell.
The deep elf mage blinks!
The shadow dragon bites you but does no damage.
The shadow dragon claws you but does no damage. x2
You see here an arrow.
You see here 2 arrows.
Your surroundings seem slightly different.
The soul eater disappears in a puff of smoke!
The ancient lich points at you and mumbles some strange words.
The bolt of negative energy hits you!
You feel drained.
You die...

#...(#######################(
#..........................(.
#............................
#.....).........)..........(.
#......(......†.)...........e
#....#######################(
#.....##..|"/............##..
#..#..#....#############..#..
#..##.....##@(Ls)e)§Or)O(...#
#..###.#..#.D##########p...##
#..##..#)##(##.)......###...#
#..##..#)#)§#..######...##..#
#..##.)#.#)##.##....###..#..#
#..##.(#)#(#).##.##...##.#..#
#..#...#.#(#[##...###.)#.#...
#..#...#.#)#.#....=###.#.#...
#..#.).#.#)#."..[...)#)#)#...


You could see a shadow dragon, an ancient lich, a deep elf mage and a redback.

Vanquished Creatures
  Mara (Vaults:2)
  2 ancient liches
  Boris (Vaults:3)
  Saint Roka (Vaults:3)
  the Lernaean hydra (Swamp:4)
  A golden dragon (Vaults:5)
  5 tentacled monstrosities
  Rupert (Orc:2)
  4 titans
  A quicksilver dragon (Vaults:4)
  4 sphinxes
  Agnes (D:14)
  Frances (D:14)
  3 tengu reavers
  Kirke (Lair:5)
  A thorn hunter (Swamp:1)
  A shadow dragon (Vaults:4)
  2 storm dragons
  Donald (Vaults:1)
  11 nagarajas
  3 fire giants
  2 frost giants
  5 deep elf sorcerers
  Aizul (Snake:1)
  10 vault wardens
  A ghost moth (shapeshifter) (Vaults:3)
  21 ironheart preservers
  3 deep elf elementalists
  2 war gargoyles
  4 stone giants
  3 entropy weavers
  3 deep elf demonologists
  6 very ugly things
  Azrael (Snake:1)
  A deep elf annihilator (Vaults:5)
  A dire elephant (Lair:3)
  2 crystal guardians (Vaults:3)
  7 ettins
  Snorg (Lair:3)
  The ghost of Giltor the Bewitcher, a journeyman SpEn of Okawaru (D:12)
  A minotaur (Lab)
  2 deep elf death magi (Vaults:5)
  13 yaktaur captains
  2 fire dragons
  17 ogre magi
  23 naga warriors
  3 rakshasas
  4 great orbs of eyes
  2 deep elf high priests
  33 hydras
  36 vault guards
  2 ghost crabs (Swamp:2)
  3 catoblepae (Lair:6)
  11 alligators
  6 ice dragons
  A satyr (shapeshifter) (Vaults:3)
  A death knight (Vaults:2)
  An anaconda (shapeshifter) (Vaults:2)
  11 anacondas
  37 two-headed ogres
  11 dancing weapons
  10 centaur warriors
  6 death yaks (Lair:6)
  A deep troll earth mage (Vaults:3)
  3 deep troll shamans
  A tengu warrior (D:14)
  A small abomination (Elf:1)
  8 shock serpents
  Urug (D:13)
  15 naga sharpshooters
  22 deep elf knights
  Nergalle (Orc:2)
  3 salamander mystics
  4 shadow wraiths
  6 wizards
  A shambling mangrove (Swamp:3)
  14 deep trolls
  A skeletal warrior (Vaults:2)
  A spriggan druid (Swamp:3)
  7 unseen horrors
  A flayed ghost (Vaults:2)
  A shadow dragon zombie (Vaults:5)
  10 swamp dragons
  2 glowing orange brains (Vaults:1)
  12 deep elf archers
  18 ironbrand convokers
  3 phantasmal warriors
  6 naga ritualists
  5 necromancers
  16 ugly things
  A harpy (shapeshifter) (D:15)
  73 deep elf magi
  2 wolf spiders (Vaults:1)
  23 orc knights
  2 harpies (Vaults:1)
  4 manticores
  An oklob plant (D:11)
  8 mana vipers
  11 orc sorcerers
  A cyclops (shapeshifter) (Vaults:3)
  A shining eye (shapeshifter) (Vaults:4)
  32 elephants
  A moth of wrath (shapeshifter) (Vaults:3)
  19 salamanders
  A manticore (shapeshifter) (Vaults:5)
  A salamander (shapeshifter) (Vaults:2)
  8 cyclopes
  A guardian serpent (shapeshifter) (Vaults:4)
  5 guardian serpents
  36 black mambas
  20 vault sentinels
  Maurice (D:12)
  A torpor snail (shapeshifter) (Vaults:4)
  A water nymph (shapeshifter) (Vaults:4)
  16 spiny frogs
  31 naga magi
  3 gargoyles
  2 kobold demonologists
  9 freezing wraiths
  7 komodo dragons
  A komodo dragon (shapeshifter) (Vaults:3)
  A yaktaur (shapeshifter) (D:13)
  An efreet (D:9)
  3 rime drakes
  26 yaktaurs
  A tengu conjurer (D:14)
  A troll (shapeshifter) (Vaults:4)
  9 trolls
  3 meliai (D:15)
  2 meliai (shapeshifter)
  A queen bee (shapeshifter) (Vaults:1)
  8 tyrant leeches
  28 blink frogs
  A jumping spider (Vaults:4)
  A blink frog (shapeshifter) (Vaults:1)
  34 slime creatures
  14 hippogriffs
  9 bog bodies
  6 hornets
  A harpy skeleton (D:15)
  A stone giant simulacrum (Vaults:1)
  3 human simulacra
  9 redbacks
  4 wyverns
  3 air elementals (Elf:1)
  33 yaks
  A vampire (D:14)
  Eustachio (D:5)
  6 fire elementals
  4 basilisks
  6 spriggans
  3 wraiths
  12 shadows
  5 water elementals
  The ghost of raetorn the Slasher, an amateur MiGl (D:3)
  4 hogs
  A yak (shapeshifter) (Vaults:2)
  Grum (D:8)
  18 humans (D:13)
  6 hungry ghosts
  18 vampire mosquitoes
  A naga (shapeshifter) (Vaults:4)
  Menkaure (D:4)
  75 nagas
  4 wargs
  17 insubstantial wisps
  A soldier ant (shapeshifter) (Vaults:4)
  An acid dragon (shapeshifter) (Elf:1)
  2 soldier ants
  20 swamp worms
  11 water moccasins
  4 hell hounds (Snake:1)
  2 acid dragons
  9 porcupines
  An ogre skeleton (Vaults:1)
  An ice beast (D:7)
  38 orc warriors
  12 swamp drakes
  10 sky beasts
  A necrophage (Swamp:3)
  46 ogres
  2 phantoms
  A hornet zombie (D:7)
  A boggart (Vaults:1)
  10 wolves
  11 centaurs
  8 crocodiles
  5 big kobolds
  A big kobold (shapeshifter) (Vaults:5)
  14 bullfrogs
  3 earth elementals
  4 human skeletons
  A wyvern skeleton (D:6)
  A water moccasin skeleton (D:10)
  3 killer bees
  3 scorpions
  2 troll skeletons (Lab)
  3 howler monkeys
  12 wights
  A spriggan skeleton (Lab)
  9 electric eels
  6 centaur zombies
  11 crimson imps
  7 hounds
  2 quasits
  3 bullfrog skeletons
  13 orc priests
  32 orc wizards
  13 jellies
  7 centaur skeletons
  7 hell rats (Lair:4)
  6 iguanas
  10 worker ants
  A hound skeleton (D:10)
  A howler monkey zombie (D:11)
  A worker ant zombie (D:9)
  19 gnolls
  9 adders
  3 shadow imps
  An ooze (Lair:5)
  3 adder zombies
  3 adder skeletons
  6 worms
  3 dart slugs
  5 leopard geckos
  104 orcs
  8 giant cockroaches
  8 hobgoblins
  13 jackals
  36 kobolds
  3 quokkas
  4 bats
  5 frilled lizards
  9 goblins
  A leopard gecko skeleton (D:6)
  2 quokka skeletons
  6 rats
  A crawling corpse (Elf:1)
  5 fungi
  2 pillars of salt
  4 plants
1870 creatures vanquished.

Vanquished Creatures (others)
  A vault warden (Vaults:3)
  A stone giant (Vaults:5)
  A deep elf demonologist (Vaults:4)
  A deep elf high priest (Elf:1)
  4 yaktaur captains
  A centaur warrior (D:13)
  2 deep elf knights
  2 deep elf archers
  A deep elf mage (Elf:2)
  8 yaktaurs
  A hornet (Swamp:2)
  A bog body (Swamp:3)
  A blink frog (shapeshifter) (Vaults:5)
  An insubstantial wisp (Swamp:4)
  A swamp worm (Swamp:2)
  A swamp drake (Swamp:1)
  An ogre (Vaults:4)
  A necrophage (Swamp:3)
  2 centaurs (Vaults:3)
  4 orcs
  8 kobolds (D:7)
  63 fungi
  3 pillars of salt (Snake:1)
  33 plants
  5 toadstools (D:1)
  A withered plant (Swamp:3)
149 creatures vanquished.

Grand Total: 2019 creatures vanquished

Notes
Turn   | Place    | Note
-------+----------+-------------------------------------------
     0 | D:1      | Sanvar the Human Hunter began the quest for the Orb.
     0 | D:1      | Reached XP level 1. HP: 16/16 MP: 1/1
    91 | D:1      | Found a sparkling altar of Nemelex Xobeh.
   180 | D:1      | Reached XP level 2. HP: 22/22 MP: 2/2
   808 | D:2      | Found a burning altar of Makhleb.
   818 | D:2      | Reached XP level 3. HP: 19/28 MP: 3/3
   818 | D:2      | Reached XP level 4. HP: 23/34 MP: 4/4
  1208 | D:2      | Found an iron altar of Okawaru.
  1734 | D:2      | Reached skill level 5 in Throwing
  1740 | D:2      | Reached XP level 5. HP: 41/41 MP: 5/5
  1746 | D:2      | Gained mutation: Armour fits poorly on your strangely shaped body. [potion of mutation]
  1746 | D:2      | Gained mutation: You have supernaturally acute eyesight. (SInv) [potion of mutation]
  1746 | D:2      | Gained mutation: Your body sometimes deteriorates upon taking damage. [potion of mutation]
  1746 | D:2      | Gained mutation: You are partially covered in yellow scales. (AC +2) [potion of mutation]
  2397 | D:3      | Reached XP level 6. HP: 46/47 MP: 6/6
  2508 | D:3      | Noticed raetorn's ghost (amateur MiGl)
  2910 | D:3      | Found a glowing golden altar of the Shining One.
  3177 | D:4      | Found a shimmering altar of Xom.
  3309 | D:4      | Reached skill level 6 in Throwing
  3332 | D:4      | Noticed Menkaure
  3335 | D:4      | Killed Menkaure
  3335 | D:4      | Reached XP level 7. HP: 51/54 MP: 7/7
  3492 | D:4      | Found a burning altar of Makhleb.
  3497 | D:4      | Found a hide-covered altar of Uskayaw.
  4075 | D:5      | Entered Level 5 of the Dungeon
  4075 | D:5      | Noticed Eustachio
  4119 | D:5      | Killed Eustachio
  4119 | D:5      | Reached skill level 7 in Throwing
  4119 | D:5      | Reached XP level 8. HP: 36/61 MP: 8/8
  4313 | D:5      | Found a staircase to the Ecumenical Temple.
  4347 | Temple   | Entered the Ecumenical Temple
  4494 | Temple   | Became a worshipper of Zin the Law-Giver
  4494 | Temple   | Reached * piety under Zin
  4546 | D:5      | Found an ancient bone altar of Kikubaaqudgha.
  4555 | D:5      | Reached ** piety under Zin
  4580 | D:5      | Noticed a hippogriff
  4589 | D:5      | Killed a hippogriff
  4589 | D:5      | Reached skill level 5 in Fighting
  4884 | D:5      | Reached skill level 8 in Throwing
  5018 | D:5      | Reached skill level 5 in Dodging
  5546 | D:5      | Reached *** piety under Zin
  5690 | D:6      | Reached skill level 1 in Long Blades
  5743 | D:6      | Reached XP level 9. HP: 21/68 MP: 9/9
  6514 | D:6      | Found an opulent altar of Gozag.
  6689 | D:6      | Reached skill level 9 in Throwing
  8189 | D:6      | Identified 3 scrolls of acquirement
  8202 | D:6      | Got a wavering copper ring
  8203 | D:6      | Identified the ring of Cafasch {rPois Str+4 Slay+2 Stlth+} (You acquired it on level 6 of the Dungeon)
  8422 | D:7      | Noticed Tobsen's ghost (novice HOFi)
  8621 | D:7      | Found a shattered altar of Ashenzari.
  8626 | D:7      | Reached **** piety under Zin
  8742 | D:7      | Reached skill level 1 in Shields
  8992 | D:7      | Reached XP level 10. HP: 64/76 MP: 10/10
  9185 | D:7      | Found a deep blue altar of Sif Muna.
  9226 | D:7      | Reached skill level 10 in Throwing
 10284 | D:3      | Killed raetorn's ghost
 10541 | D:8      | Noticed Grum
 11058 | D:8      | Killed Grum
 11059 | D:8      | Found a basalt altar of Yredelemnul.
 11201 | D:8      | Reached ***** piety under Zin
 11480 | D:8      | Found a hide-covered altar of Uskayaw.
 11781 | D:8      | Noticed Gastronok
 12176 | D:9      | Reached skill level 11 in Throwing
 12215 | D:9      | Found a staircase to the Orcish Mines.
 12279 | D:9      | Reached skill level 5 in Long Blades
 12479 | D:9      | Noticed an efreet
 12488 | D:9      | Killed an efreet
 12488 | D:9      | Reached skill level 1 in Invocations
 12488 | D:9      | Reached XP level 11. HP: 81/81 MP: 9/11
 12779 | D:9      | Reached ****** piety under Zin
 12830 | D:9      | Found Heurewuk's Assorted Antiques.
 12925 | D:10     | Entered Level 10 of the Dungeon
 13357 | D:10     | Got a spiked hat
 13368 | D:10     | Identified the cursed +0 hat "Pujoq" {rF+ rC+} (You found it on level 10 of the Dungeon)
 13629 | D:10     | Noticed an unseen horror
 13633 | D:10     | Killed an unseen horror
 14104 | D:11     | Found a staircase to the Lair.
 14106 | D:11     | Noticed an oklob plant
 14141 | D:11     | Killed an oklob plant
 14141 | D:11     | Reached skill level 12 in Throwing
 14255 | Lair:1   | Entered Level 1 of the Lair of Beasts
 14560 | Lair:1   | Reached XP level 12. HP: 66/88 MP: 15/15
 15104 | Lair:2   | Found a staircase to the Snake Pit.
 15465 | Lair:2   | Reached skill level 5 in Invocations
 15881 | Lair:2   | Reached skill level 13 in Throwing
 16304 | Lair:2   | Found a staircase to the Swamp.
 17569 | Lair:3   | Found a labyrinth entrance.
 17581 | Lab      | Entered a labyrinth
 18897 | Lab      | Noticed a minotaur
 18923 | Lab      | Killed a minotaur
 18923 | Lab      | Reached XP level 13. HP: 40/93 MP: 17/17
 19268 | Lair:3   | Reached skill level 10 in Dodging
 19366 | Lair:3   | Noticed Snorg
 19385 | Lair:3   | Killed Snorg
 19759 | Lair:3   | Reached skill level 1 in Armour
 19788 | Lair:3   | Reached skill level 14 in Throwing
 19821 | Lair:3   | Noticed a dire elephant
 19908 | Lair:3   | Killed a dire elephant
 20391 | Lair:4   | Noticed a five-headed hydra
 20404 | Lair:4   | Killed a two-headed hydra
 20892 | Lair:4   | You fall through a shaft!
 20943 | Lair:5   | Noticed a four-headed hydra
 21577 | Lair:5   | Killed a three-headed hydra
 21577 | Lair:5   | Reached XP level 14. HP: 100/100 MP: 20/20
 21655 | Lair:5   | Noticed Kirke
 21817 | Lair:5   | Found a staircase to the Slime Pits.
 21818 | Lair:5   | Noticed an acid blob
 22020 | Lair:5   | Found a shattered altar of Ashenzari.
 22113 | Lair:5   | Reached skill level 15 in Throwing
 22218 | Lair:5   | Noticed a sphinx
 22792 | Lair:5   | Killed Kirke
 23000 | Lair:5   | Paralysed by fainting for 10 turns
 23047 | Lair:6   | Entered Level 6 of the Lair of Beasts
 23061 | Lair:6   | Reached skill level 10 in Long Blades
 23459 | Lair:6   | Reached skill level 5 in Armour
 24367 | Lair:6   | Reached XP level 15. HP: 105/105 MP: 22/22
 24535 | Lair:6   | Reached skill level 16 in Throwing
 24738 | Lair:6   | Got an ancient ivory amulet
 24742 | Lair:6   | Identified the amulet of Yesterday {Reflect rElec rC+ SH+2} (You found it on level 6 of the Lair of Beasts)
 24939 | Lair:6   | Reached skill level 10 in Invocations
 25491 | Orc:1    | Entered Level 1 of the Orcish Mines
 25596 | Orc:2    | Entered Level 2 of the Orcish Mines
 25596 | Orc:2    | Found a staircase to the Elven Halls.
 26612 | Orc:2    | Noticed Rupert
 27053 | Orc:1    | You fall through a shaft!
 27539 | Orc:2    | Killed Rupert
 27935 | Orc:2    | Found Evygitti's Antique Weapon Shoppe.
 27975 | Orc:2    | Found an ancient bone altar of Kikubaaqudgha.
 27976 | Orc:2    | Noticed Nergalle
 28239 | Orc:2    | Killed Nergalle
 28258 | Orc:2    | Found Elluasmo's Book Emporium.
 28277 | Orc:2    | Found a roughly hewn altar of Beogh.
 28277 | Orc:2    | Found Peqan's Distillery.
 28314 | Orc:2    | Found Hueb's Antique Armour Shoppe.
 28324 | Orc:2    | Bought a pair of runed boots for 195 gold pieces
 28363 | Orc:2    | Found a radiant altar of Vehumet.
 28401 | Orc:2    | Bought a manual of Throwing for 1324 gold pieces
 29024 | D:11     | Found Muhoowko's Magic Scroll Shop.
 29028 | D:11     | Bought a scroll of identify for 24 gold pieces
 29028 | D:11     | Bought a scroll of blinking for 90 gold pieces
 29028 | D:11     | Bought a scroll of identify for 24 gold pieces
 29800 | D:12     | Reached skill level 17 in Throwing
 29940 | D:12     | Found Axodunt's Food Boutique.
 29949 | D:12     | Bought a bread ration for 55 gold pieces
 29949 | D:12     | Bought a fruit for 16 gold pieces
 29949 | D:12     | Bought a bread ration for 55 gold pieces
 29949 | D:12     | Bought a bread ration for 55 gold pieces
 29949 | D:12     | Bought a bread ration for 55 gold pieces
 29949 | D:12     | Bought a meat ration for 55 gold pieces
 29949 | D:12     | Bought a meat ration for 55 gold pieces
 29949 | D:12     | Bought a meat ration for 55 gold pieces
 29949 | D:12     | Bought a royal jelly for 22 gold pieces
 29949 | D:12     | Bought a meat ration for 55 gold pieces
 29949 | D:12     | Bought a royal jelly for 22 gold pieces
 29949 | D:12     | Bought a bread ration for 55 gold pieces
 30065 | D:12     | Noticed Giltor's ghost (journeyman SpEn)
 30072 | D:12     | Noticed Maurice
 30081 | D:12     | Killed Maurice
 30094 | D:12     | Killed Giltor's ghost
 30455 | D:13     | Reached XP level 16. HP: 112/112 MP: 24/24
 31126 | D:13     | Found a gate to the Vaults.
 31559 | D:13     | Noticed Urug
 31576 | D:13     | Killed Urug
 31919 | D:14     | Reached skill level 18 in Throwing
 32187 | D:14     | Noticed Frances
 32244 | D:14     | Found Hirrav's Distillery.
 32260 | D:14     | HP: 2/112 [Frances/iron shot (30)]
 32741 | D:14     | Bought a potion of heal wounds for 65 gold pieces
 32741 | D:14     | Bought a potion of heal wounds for 65 gold pieces
 33211 | D:14     | Killed Frances
 33313 | D:15     | Entered Level 15 of the Dungeon
 33335 | D:15     | Reached skill level 5 in Shields
 33800 | D:15     | Noticed Agnes
 33842 | D:14     | Killed Agnes
 34118 | D:15     | Found a staircase to the Depths.
 34138 | D:15     | Reached skill level 19 in Throwing
 34691 | D:15     | Got a bloodstained falchion
 34692 | D:15     | Identified the +4 falchion "Hitepp" {venom, *Rage rElec Dex+5} (You found it on level 15 of the Dungeon)
 35348 | Swamp:1  | Entered Level 1 of the Swamp
 35366 | Swamp:1  | Reached XP level 17. HP: 94/117 MP: 25/25
 35513 | Swamp:1  | Noticed a thorn hunter
 35523 | Swamp:1  | Killed a thorn hunter
 37850 | Swamp:3  | Reached skill level 20 in Throwing
 38862 | Swamp:3  | Reached skill level 10 in Armour
 39564 | Snake:1  | Entered Level 1 of the Snake Pit
 39895 | Snake:1  | Noticed Azrael
 40433 | Snake:1  | Killed Azrael
 41590 | Snake:1  | Noticed Aizul
 41765 | Snake:1  | Killed Aizul
 42087 | Snake:1  | Found Ifiybrevuh's Jewellery Emporium.
 42462 | Snake:1  | Reached XP level 18. HP: 106/123 MP: 26/26
 43040 | Snake:1  | Donated 279 gold pieces to Zin
 43121 | Snake:2  | Found Fovadwoe's Weapon Emporium.
 44706 | Snake:2  | Reached skill level 21 in Throwing
 45135 | Snake:2  | Donated 177 gold pieces to Zin
 46285 | Snake:1  | HP: 4/127 [naga sharpshooter/bolt (8)]
 47677 | Swamp:4  | Entered Level 4 of the Swamp
 49367 | Swamp:4  | Noticed the 27-headed Lernaean hydra
 49406 | Swamp:4  | Reached XP level 19. HP: 67/134 MP: 27/27
 49751 | Swamp:4  | Killed the 27-headed Lernaean hydra
 50197 | Swamp:4  | Got a decaying rune of Zot
 52925 | Snake:3  | Reached skill level 10 in Shields
 54661 | Snake:3  | Reached skill level 22 in Throwing
 55342 | Elf:1    | Entered Level 1 of the Elven Halls
 56464 | Elf:1    | Noticed Roxanne
 56580 | Elf:1    | Reached XP level 20. HP: 145/145 MP: 28/28
 58054 | Elf:2    | Found a runed gate.
 58056 | Elf:2    | Found a runed gate.
 58056 | Elf:2    | Found a runed gate.
 58589 | Elf:2    | Noticed a Tzitzimitl
 58707 | Elf:2    | Noticed a Hell Sentinel
 58954 | Elf:2    | Noticed a Hell Sentinel
 59130 | Elf:2    | Reached skill level 10 in Fighting
 59148 | Elf:2    | Found Seschoiq's Superlative Supplies.
 60715 | Snake:3  | Got a twisted robe
 60726 | Snake:3  | Identified the +2 robe "Akeaneul" {rC+ SInv} (You found it on level 3 of the Snake Pit)
 60758 | Snake:4  | Entered Level 4 of the Snake Pit
 63680 | Snake:4  | Reached XP level 21. HP: 150/154 MP: 29/29
 63802 | Snake:4  | Reached skill level 23 in Throwing
 64412 | Snake:4  | Got a serpentine rune of Zot
 64972 | Vaults:1 | Entered Level 1 of the Vaults
 65534 | Vaults:1 | Found Curphok's Antique Armour Shop.
 65537 | Vaults:1 | Bought a distressingly furry helmet for 351 gold pieces
 65547 | Vaults:1 | Identified the cursed -5 helmet "Siolat" {rElec Dex+3} (You bought it in a shop on level 1 of the Vaults)
 67088 | Vaults:1 | Noticed Donald
 67151 | Vaults:1 | Killed Donald
 69707 | Vaults:1 | Reached XP level 22. HP: 165/165 MP: 30/30
 70608 | Vaults:2 | Noticed Mara
 70613 | Vaults:2 | Noticed Sanvar's illusion
 70901 | Vaults:2 | Noticed Sanvar's illusion
 70912 | Vaults:2 | Killed Mara
 70954 | Vaults:2 | Noticed Mennas
 72481 | Vaults:1 | Reached skill level 24 in Throwing
 73884 | Vaults:2 | Found a staircase to the Crypt.
 73884 | Vaults:2 | Found an ancient bone altar of Kikubaaqudgha.
 73885 | Vaults:2 | Found a basalt altar of Yredelemnul.
 74237 | Vaults:2 | Found Eguore's Magic Scroll Shoppe.
 74805 | Vaults:2 | Bought a scroll of summoning for 152 gold pieces
 74805 | Vaults:2 | Bought a scroll of blinking for 120 gold pieces
 75888 | Vaults:3 | Noticed Boris
 75903 | Vaults:3 | Killed Boris
 76292 | Vaults:2 | HP: 3/167 [stone giant (15)]
 77016 | Vaults:3 | Reached XP level 23. HP: 112/174 MP: 31/31
 78110 | Vaults:3 | Noticed Saint Roka
 78163 | Vaults:3 | Killed Saint Roka
 80916 | Vaults:4 | Found Hutoucao's Magic Scroll Emporium.
 81006 | Vaults:4 | Bought a scroll of summoning for 123 gold pieces
 81006 | Vaults:4 | Bought a scroll of teleportation for 39 gold pieces
 81936 | Vaults:4 | Reached skill level 25 in Throwing
 82881 | Vaults:4 | Reached XP level 24. HP: 71/184 MP: 31/31
 82962 | Vaults:4 | HP: 6/184 [deep elf archer/arrow (18)]
 83901 | Vaults:5 | Entered Level 5 of the Vaults
 87553 | Vaults:4 | Paralysed by a sphinx for 4 turns
 87722 | Vaults:5 | Noticed an ancient lich
 89456 | Vaults:4 | Killed an ancient lich
 90047 | Vaults:5 | Noticed an ancient lich
 90357 | Vaults:4 | Reached skill level 15 in Shields
 90446 | Vaults:4 | Reached XP level 25. HP: 191/192 MP: 31/31
 92063 | Vaults:5 | Identified Sif Muna's Volume of the Snowflakes and the Entourage
 92497 | Vaults:5 | Reached skill level 15 in Armour
 92507 | Vaults:5 | Got a steaming shield
 92512 | Vaults:5 | Identified the +1 shield "Rafifot" {rF+ Slay+5 SInv} (You took it off a deep elf knight on level 5 of the Vaults)
 92641 | Vaults:5 | Got a heavily runed garnet amulet
 92642 | Vaults:5 | Identified the amulet of Henotheism {Spirit +Fly Str-3 Int+7 Dex+3} (You took it off a deep elf elementalist on level 5 of the Vaults)
 92688 | Vaults:5 | Reached skill level 26 in Throwing
 93680 | Vaults:5 | Reached skill level 15 in Fighting
 94196 | Vaults:5 | Noticed an ancient lich
 94254 | Vaults:5 | Killed an ancient lich
 94271 | Vaults:5 | Killed from afar by an ancient lich

Skill      XL: |  1  2  3  4  5  6  7  8  9 10 11 12 13 14 15 16 17 18 19 20 21 22 23 24 25 |
---------------+----------------------------------------------------------------------------+-----
Fighting       | 3 4 5 6 8 9 10 11 12 13 14 15 | 15.0
Throwing       | 5 6 7 8 9 11 12 13 14 15 17 19 20 21 22 23 24 25 26 | 26.2
Dodging        | 3 4 5 6 7 8 9 10 11 | 11.9
Long Blades    | 1 3 5 6 8 9 10 11 12 13 14 | 14.0
Shields        | 1 4 5 7 9 10 11 12 13 14 15 | 15.4
Invocations    | 1 4 6 8 9 10 11 | 11.0
Armour         | 3 6 7 9 10 11 12 13 14 15 | 15.3
Stealth        | |  1.0

Action                   |  1- 3 |  4- 6 |  7- 9 | 10-12 | 13-15 | 16-18 | 19-21 | 22-24 | 25-27 || total
-------------------------+-------+-------+-------+-------+-------+-------+-------+-------+-------++-------
Melee: Short sword       |    72 |   160 |    44 |       |       |       |       |       |       ||   276
       Falchion          |       |       |   308 |   284 |       |    16 |       |       |       ||   608
       Long sword        |       |       |       |    34 |       |   364 |   162 |    19 |       ||   579
       Scimitar          |       |       |       |   264 |  1023 |  1446 |  2106 |  2316 |   458 ||  7613
       Double sword      |       |       |       |       |       |    32 |       |    38 |    16 ||    86
 Fire: Blowgun           |       |       |       |   180 |   178 |    75 |    16 |       |       ||   449
Throw: Javelin           |     3 |    34 |   116 |    94 |       |    53 |    30 |       |       ||   330
       Tomahawk          |       |       |     6 |    23 |    78 |    24 |    75 |   107 |    36 ||   349
       Throwing net      |       |       |     6 |       |     1 |       |     1 |       |       ||     8
Invok: Vitalisation      |       |       |     3 |     3 |     4 |     5 |     5 |     5 |     1 ||    26
       Recite            |       |       |       |     3 |    10 |    21 |     6 |     6 |     1 ||    47
       Sanctuary         |       |       |       |       |       |     3 |       |     2 |       ||     5
       Donate Gold       |       |       |       |       |       |     2 |       |       |       ||     2
       Imprison          |       |       |       |       |       |       |     2 |     2 |     2 ||     6
Evoke: Wand              |       |       |       |     2 |     3 |     1 |       |     1 |       ||     7
  Use: Potion            |       |     2 |     1 |     2 |     5 |     8 |     5 |     8 |     1 ||    32
       Scroll            |       |       |    12 |    19 |    13 |    20 |     7 |    19 |     7 ||    97
 Stab: Sleeping          |       |     3 |     2 |     5 |       |     2 |       |     2 |       ||    14
       Held in net/web   |       |       |     2 |       |       |       |       |       |       ||     2
       Distracted        |       |       |       |     2 |       |     4 |     3 |     2 |       ||    11
       Petrified         |       |       |       |       |     3 |     5 |       |       |       ||     8
       Paralysed         |       |       |       |       |    24 |     1 |       |       |       ||    25
       Confused          |       |       |       |       |     5 |    11 |     2 |     1 |       ||    19
       Invisible         |       |       |       |       |     2 |       |       |     2 |     3 ||     7
       Petrifying        |       |       |       |       |     1 |       |       |       |       ||     1
  Eat: Chunk             |       |     7 |    16 |    22 |    25 |    22 |     7 |     1 |       ||   100
       Fruit             |       |       |     3 |     7 |     7 |    27 |    10 |       |     5 ||    59
       Royal jelly       |       |       |     1 |     2 |     4 |     5 |     3 |     1 |       ||    16
       Meat ration       |       |       |       |       |       |     1 |     7 |    13 |     1 ||    22
       Bread ration      |       |       |       |       |       |       |     3 |       |       ||     3
Armor: Leather armour    |    22 |    26 |    90 |    68 |       |       |       |       |       ||   206
       Ring mail         |       |       |       |    34 |       |       |       |       |       ||    34
       Scale mail        |       |       |       |       |   249 |   462 |   414 |   473 |   113 ||  1711
Dodge: Dodged            |    46 |   107 |   341 |   367 |   530 |   937 |  1023 |  1073 |   207 ||  4631
Block: Buckler           |       |       |    29 |   280 |   422 |   999 |  1275 |  1301 |   264 ||  4570
       Reflection        |       |       |     2 |    25 |    24 |    87 |   197 |   138 |    61 ||   534
       Rpst.: Falchion   |       |       |    76 |    49 |       |     3 |       |       |       ||   128
       Long sword        |       |       |       |     6 |       |    25 |    13 |     3 |       ||    47
       Scimitar          |       |       |       |    32 |   124 |   148 |   201 |   197 |    35 ||   737
       Double sword      |       |       |       |       |       |     3 |       |     2 |     1 ||     6
